Map: Acid Plant LE

Players

LiquidMaNa (MaNa)

  • Race: Protoss Protoss
  • League: Grandmaster
  • Spawn Location: 5:00

Bunny - Winner!

  • Race: Terran Terran
  • League: Diamond
  • Spawn Location: 11:00

Event: HomeStory Cup XVII

VOD

Have the link to the VOD?

Description

Time

  • Played on: June 28, 2018, 8:17 p.m.
  • Length: 7:34

All games in this series

Show
View Real Time Build Order
Export as new Build Order

LiquidMaNa Protoss 

Build Orders: Blink Stalkers 

Get SALT Encoding   

  12  0:00  Probe  
  13  0:13  Probe  
  14  0:18  Pylon  
  14  0:24  Probe  
  15  0:32  Probe  
  15  0:39  Gateway  
  15  0:40  Probe  
  16  0:47  Assimilator  
  17  0:50  Probe  
  18  0:58  Probe  
  19  1:06  Pylon  
  19  1:07  Probe  
  20  1:17  Probe  
  21  1:27  Zealot, Cybernetics Core  
  23  1:50  Nexus  
  23  1:53  Stalker  
  23  1:56  Assimilator  
  24  2:06  Probe  
  26  2:10  Warp Gate  
  26  2:18  Probe  
  27  2:23  Stalker  
  29  2:30  Probe  
  30  2:43  Probe  
  31  2:44  Pylon  
  31  2:49  Twilight Council  
  31  2:58  Probe  
  31  3:02  Probe  
  33  3:06  Probe  
  34  3:14  Probe  
  34  3:16  Gateway x2, Probe  
  36  3:26  Probe  
  37  3:29  Blink  
  37  3:30  Probe  
  38  3:40  Probe x2  
  39  3:46  Robotics Facility  
  39  3:48  Probe  
  40  3:52  Probe  
  42  3:57  Probe  
  43  4:04  Probe  
  43  4:08  Pylon  
  43  4:09  Probe  
  45  4:12  Stalker x2  
  45  4:15  Stalker  
  45  4:16  Probe  
  52  4:21  Probe  
  53  4:28  Observer  
  53  4:32  Nexus  
  53  4:36  Probe x2  
  56  4:40  Pylon  
  56  4:41  Pylon  
  56  4:44  Stalker  
  58  4:48  Observer  
  58  4:49  Stalker  
  58  4:52  Probe  
  62  4:55  Assimilator  
  62  4:59  Probe  
  63  5:00  Assimilator  
  63  5:02  Stalker  
  63  5:06  Probe  
  66  5:10  Observer  
  66  5:11  Probe  
  68  5:16  Pylon  
  68  5:18  Probe  
  69  5:22  Gateway  
  69  5:23  Gateway, Probe  
  70  5:29  Observer  
  70  5:31  Gateway  
  70  5:36  Robotics Bay  
  70  5:38  Probe x2  
  72  5:47  Stalker x2  
  72  5:48  Probe  
  77  5:53  Probe x2  
  77  5:54  Stalker  
  77  5:57  Probe  
  80  6:01  Probe x2  
  81  6:06  Pylon  
  83  6:12  Forge, Probe  
  83  6:14  Sentry, Forge  
  83  6:15  Probe, Sentry  
  89  6:24  Disruptor  
  90  6:26  Probe x2  
  90  6:27  Probe  
  90  6:31  Shield Battery  
  93  6:38  Probe  
  94  6:40  Zealot  
  94  6:41  Zealot x2  
  90  6:54  Stalker x2  
  90  6:57  Stalker  
  90  7:01  Stalker  
  90  7:02  Zealot x2  
  80  7:17  Zealot  
  80  7:18  Zealot  
  76  7:23  Stalker x4, Zealot  
  76  7:27  Stalker  
Show
View Real Time Build Order
Export as new Build Order

Bunny Terran - Winner!

Build Orders: Reaper Expand, MMM Bio 

Get SALT Encoding   

  12  0:00  SCV  
  13  0:13  SCV  
  14  0:17  Supply Depot  
  14  0:25  SCV  
  15  0:39  SCV  
  15  0:40  Barracks  
  16  0:43  Refinery  
  16  0:51  SCV  
  17  1:03  SCV  
  18  1:15  SCV  
  19  1:27  Reaper  
  19  1:28  Orbital Command  
  20  1:47  Command Center  
  20  1:53  SCV  
  21  1:54  Supply Depot  
  21  2:01  Barracks Reactor  
  21  2:05  SCV  
  22  2:17  SCV  
  22  2:22  Command Center  
  23  2:29  SCV  
  24  2:30  Bunker  
  24  2:38  Marine x2  
  24  2:41  SCV  
  27  2:47  Barracks  
  27  2:53  SCV  
  27  2:56  Marine x2  
  30  3:06  SCV  
  30  3:07  Orbital Command  
  30  3:12  Engineering Bay  
  31  3:16  Marine  
  31  3:18  SCV  
  31  3:19  Marine  
  34  3:30  SCV  
  35  3:34  Marine, SCV  
  35  3:36  Orbital Command  
  35  3:37  Barracks Tech Lab, Marine  
  37  3:42  SCV  
  37  3:46  SCV  
  39  3:48  Terran Infantry Weapons Level 1  
  39  3:49  Refinery  
  39  3:54  SCV  
  40  3:55  Stimpack  
  40  3:56  Marine x2  
  40  3:57  Marine  
  40  3:58  SCV  
  40  4:02  SCV  
  45  4:06  SCV  
  45  4:07  Factory  
  46  4:10  SCV  
  46  4:12  Missile Turret  
  46  4:16  Supply Depot  
  47  4:18  Barracks  
  47  4:19  SCV  
  47  4:21  SCV  
  47  4:22  SCV  
  50  4:25  Marine  
  50  4:26  Refinery, Marine  
  50  4:28  Marine  
  50  4:31  SCV  
  54  4:33  SCV  
  54  4:38  Supply Depot  
  55  4:41  Refinery  
  55  4:43  Marine  
  55  4:44  Marine  
  57  4:47  Marauder  
  57  4:48  Barracks  
  57  4:51  Barracks  
  59  4:54  Starport  
  59  4:56  Factory Reactor  
  59  4:57  SCV x2  
  62  5:00  SCV  
  62  5:06  Supply Depot  
  62  5:07  Barracks Tech Lab  
  62  5:08  Marauder  
  62  5:09  Marine  
  62  5:10  Marine  
  66  5:16  Orbital Command  
  66  5:17  Supply Depot  
  66  5:26  SCV  
  66  5:27  Marine, SCV  
  66  5:28  Combat Shields, Marauder, Marine  
  72  5:29  Marauder  
  72  5:34  Supply Depot  
  74  5:41  Medivac x2  
  78  5:44  SCV  
  78  5:49  Barracks Reactor, Marauder  
  81  5:51  Marauder  
  81  5:52  Barracks Tech Lab, Marine x2  
  85  5:57  Factory Reactor  
  85  5:59  Supply Depot x2  
  85  6:03  Concussive Shells  
  85  6:08  Supply Depot x2  
  85  6:11  Medivac  
  87  6:13  Marine x5  
  91  6:20  Medivac  
  91  6:25  Marine x2  
  88  6:30  Marine  
  88  6:31  Marine, Marauder  
  88  6:32  Supply Depot, Marauder  
  95  6:33  Marauder  
  95  6:36  Widow Mine  
  97  6:43  Medivac  
  99  6:50  Medivac  
  99  6:53  Marauder  
  97  6:57  Marauder  
  97  6:58  Marauder, Marine x2  
  97  6:59  Marine x2  
  97  7:01  Widow Mine x2  
Tags
 
Add a new tag
Caveats
  • Supply blocks, unpowered buildings, or Contaminate may cause inaccurate times.
  • Supply counts are checked every 10 seconds.